 Dungeon Crawl Stone Soup version 0.20.1-1-g8b1a95d (webtiles) character file.

254 tidbits the Sneak (level 5, -7/46 HPs)
             Began as a Demigod Wanderer on Aug 23, 2017.
             Killed from afar by Blork the orc (11 damage)
             ... with a magic dart
             ... on level 4 of the Dungeon.
             The game lasted 00:07:47 (806 turns).

tidbits the Sneak (Demigod Wanderer)                 Turns: 806, Time: 00:07:48

Health: -7/46      AC:  5    Str:  9 (12) XL:     5   Next: 59%
Magic:  12/16      EV: 11    Int: 16 (19) God:
Gold:   44         SH:  0    Dex: 12 (15) Spells: 4/4 levels left

rFire    . . .     SeeInvis +   d - +6 dagger "Jeph" {speed, +Blink Dex-2 SInv}
rCold    . . .     Gourm    +   (no shield)
rNeg     . . .     Faith    .   B - +0 ring mail
rPois    +         Spirit   .   (no helmet)
rElec    .         Reflect  .   (no cloak)
rCorr    .         Harm     .   (no gloves)
MR       .....                  (no boots)
Stlth    ++........             h - amulet of the gourmand
Regen    0.2/turn               P - ring of poison resistance
MPRegen  0.2/turn               n - ring of magical power

@: very slightly contaminated
A: high mp 1
a: Evoke Blink


You were on level 4 of the Dungeon.
You were not hungry.

You visited 1 branch of the dungeon, and saw 4 of its levels.

You collected 72 gold pieces.
You spent 28 gold pieces at shops.

Inventory:

Hand Weapons
 a - a +0 quarterstaff
 b - a +3 blowgun
 d - the +6 dagger "Jeph" (weapon) {speed, +Blink Dex-2 SInv}
   (You found it on level 4 of the Dungeon)

   Attacks with this weapon are significantly faster.
   It affects your dexterity (-2).
   It lets you see invisible.
   It lets you blink.
 f - a +0 dagger
 s - a +3 trident
Missiles
 l - 17 bolts
 o - 15 arrows
 u - 12 poisoned needles
Armour
 e - a +0 robe
 i - a +0 chain mail
 B - a +0 ring mail (worn)
Jewellery
 h - an amulet of the gourmand (around neck)
   (You found it on level 2 of the Dungeon)
 n - a ring of magical power (right hand)
   (You found it on level 4 of the Dungeon)
 t - an uncursed ring of protection from cold
   (You found it on level 3 of the Dungeon)
 P - a ring of poison resistance (left hand)
   (You found it on level 2 of the Dungeon)
Scrolls
 j - a scroll of amnesia
 q - a scroll of recharging {unknown}
 r - a scroll of teleportation {unknown}
Comestibles
 g - 2 bread rations
 k - a royal jelly


   Skills:
 + Level 4.2 Fighting
 - Level 1.7 Staves
 - Level 1.0 Throwing
 + Level 3.5 Dodging
 - Level 4.5 Stealth


You had 4 spell levels left.
You didn't know any spells.

Dungeon Overview and Level Annotations

Branches:
Dungeon (4/15)
 Temple: D:4-7

Shops:
D:4 ?

Annotations:
D:4 Blork the orc, Grinder


Innate Abilities, Weirdness & Mutations

You have an increased reservoir of magic. (+10% MP)


Message History

You remove your ring of protection from cold.
You feel your magic capacity increase.
n - a ring of magical power (right hand)
The jackal barks!
You hear a shout! x2
The jackal bites you but does no damage.
The jackal closely misses you.
The jackal barks!
You hit the jackal but do no damage.
You hear a shout!
The jackal bites you.
You hit the jackal.
You kill the jackal!
You completely miss the jackal. The jackal barely misses you.
It was a potion of degeneration.
There was something very wrong with that liquid.
You feel weakened.
You feel dopey.
You feel clumsy.
The jackal bites you but does no damage.
Grinder gestures at you. Pain shoots through your body!
You hit the jackal.
The jackal is lightly wounded.
The jackal bites you.
You miss the jackal.
The jackal is lightly wounded.
Grinder gestures at you.
You suddenly lose the ability to move!
The jackal bites you but does no damage.
The jackal bites you but does no damage.
The jackal bites you.
The jackal bites you but does no damage.
The jackal barely misses you.
Grinder blinks!
The jackal bites you but does no damage.
Grinder blinks!
The jackal bites you but does no damage.
The jackal bites you but does no damage.
The jackal barely misses you. The jackal bites you. The jackal bites you.
You can move again.
Unknown command.
Unknown command.
You hit the jackal.
The jackal is lightly wounded.
The jackal bites you but does no damage.
You hit the jackal.
The jackal is severely wounded.
The jackal closely misses you.
You hit the jackal.
You kill the jackal!
Grinder gestures at you. Pain shoots through your body!
* * * LOW HITPOINT WARNING * * *
You feel better. Grinder gestures at you. Pain shoots through your body!
You barely miss Grinder. Grinder barely misses you.
You hit Grinder.
Grinder is lightly wounded.
You puncture Grinder!
Grinder is moderately wounded.
Grinder hits you.
You writhe in agony.
You closely miss Grinder.
Grinder is moderately wounded.
Grinder hits you but does no damage.
You hit Grinder.
Grinder is moderately wounded.
You closely miss Grinder.
Grinder is moderately wounded.
Grinder barely misses you.
You closely miss Grinder.
Grinder is moderately wounded.
Grinder gestures at you.
You suddenly lose the ability to move!
Grinder hits you.
* * * LOW HITPOINT WARNING * * *
You writhe in agony.
* * * LOW HITPOINT WARNING * * *
Grinder gestures at you. Pain shoots through your body!
* * * LOW HITPOINT WARNING * * *
Grinder hits you!
* * * LOW HITPOINT WARNING * * *
Grinder barely misses you.
An orc comes into view. It is wielding a flail.
The orc shouts!
Grinder blinks!
You can move again.
Unknown command.
Unknown command.
Unknown command.
You aren't carrying any potions.
Unknown command.
You have no spells to forget!
Blink to where?
Press: ? - help, Dir - move target cursor You are very lightly contaminated with residual magic.
As you read the scroll labeled RIYGUR YCUIPTY, it crumbles to dust.
It was a scroll of blinking.
Blork the orc points at you and mumbles some strange words.
The magic dart hits you!
You die...

#####..#......#####
#.........#####....
#.#######.......#
###........#
............#
#####..(o...# # #.......#
#. #.......## #.#
#.@......# ###...
#.#.........
....5.#######.#.........
.......#.§..†.#........##
#5.†######......#..
........## #.........
......o.. ....###
....###.## ..### ### #.#


You could see Blork the orc.

Vanquished Creatures
  The ghost of vineage the Chopper, an amateur DsGl (D:4)
  A gnoll (D:2)
  2 adders (D:2)
  2 worms (D:2)
  A dart slug (D:1)
  A leopard gecko (D:2)
  4 giant cockroaches
  4 jackals (D:4)
  A kobold (D:3)
  A quokka (D:3)
  2 goblins
  6 rats
26 creatures vanquished.

Notes
Turn   | Place    | Note
-------+----------+-------------------------------------------
     0 | D:1      | tidbits the Demigod Wanderer began the quest for the Orb.
     0 | D:1      | tidbits set off with: 2 curare-tipped needles, a +2 blowgun, a potion of curing, a +0 quarterstaff, a +0 robe, a +0 dagger, a bread ration
     0 | D:1      | Reached XP level 1. HP: 17/17 MP: 3/3
    56 | D:2      | Reached skill level 2 in Fighting
   105 | D:2      | Found a white marble altar of Elyvilon.
   148 | D:2      | Reached skill level 1 in Dodging
   148 | D:2      | Reached XP level 2. HP: 16/25 MP: 4/4
   191 | D:2      | Reached XP level 3. HP: 15/30 MP: 5/5
   232 | D:2      | HP: 3/30 [gnoll/club (4)]
   645 | D:4      | Found Meschav's Magic Scroll Shoppe.
   648 | D:4      | Bought a scroll of identify for 28 gold pieces
   684 | D:4      | Noticed vineage's ghost (amateur DsGl)
   702 | D:4      | Killed vineage's ghost
   702 | D:4      | Reached skill level 4 in Fighting
   702 | D:4      | Reached skill level 3 in Dodging
   702 | D:4      | Reached XP level 4. HP: 40/40 MP: 6/6
   702 | D:4      | Reached XP level 5. HP: 46/46 MP: 7/7
   739 | D:4      | Got a transparent dagger
   740 | D:4      | Identified the +6 dagger "Jeph" {speed, +Blink Dex-2 SInv} (You found it on level 4 of the Dungeon)
   748 | D:4      | Noticed Blork the orc
   762 | D:4      | Noticed Grinder
   776 | D:4      | Paralysed by Grinder for 7 turns
   796 | D:4      | Paralysed by Grinder for 7 turns
   799 | D:4      | HP: 3/46 [Grinder (9)]
   806 | D:4      | Killed from afar by Blork the orc

Skill      XL: |  1  2  3 |
---------------+----------+-----
Fighting       | 2 4 |  4.2
Dodging        | 1 3 |  3.5
Staves         | |  1.7
Throwing       | |  1.0
Stealth        | |  4.5

Action                   |  1- 3 |  4- 6 || total
-------------------------+-------+-------++-------
Melee: Quarterstaff      |    33 |       ||    33
       Unarmed           |    13 |       ||    13
       Dagger            |       |    24 ||    24
 Fire: Blowgun           |    10 |       ||    10
  Use: Scroll            |     4 |     1 ||     5
       Potion            |     3 |     2 ||     5
 Stab: Sleeping          |     5 |       ||     5
  Eat: Chunk             |     1 |       ||     1
Armor: Skin              |     7 |       ||     7
       Robe              |     4 |       ||     4
       Ring mail         |       |    15 ||    15
Dodge: Dodged            |    19 |    15 ||    34

Table legend:
 A = Turns spent in this place as a percentage of turns spent in the entire game.
 B = Non-inter-level travel turns spent in this place as a percentage of non-inter-level travel turns spent in the entire game.
 C = Inter-level travel turns spent in this place as a percentage of turns spent in this place.
 D = Turns resting spent in this place as a percentage of non-inter-level travel turns spent in this place.
 E = Turns spent auto-exploring this place as a percentage of non-inter-level travel turns spent in this place.
 F = Non-inter-level travel turns spent in this place divided by the number of levels of this place that you've seen.
                   A       B       C       D       E      F
               +-------+-------+-------+-------+-------+----------------------
         Total | 100.0 | 100.0 |   0.1 |   0.0 |   0.0 | 181.8
       Dungeon | 100.0 | 100.0 |   0.1 |   0.0 |   0.0 | 181.8
               +-------+-------+-------+-------+-------+----------------------

Table legend:
 A = Kills in this place as a percentage of kills in entire the game.
 B = Kills by you in this place as a percentage of kills by you in the entire game.
 C = Kills by friends in this place as a percentage of kills by friends in the entire game.
 D = Other kills in this place as a percentage of other kills in the entire game.
 E = Experience gained in this place as a percentage of experience gained in the entire game.
 F = Experience gained in this place divided by the number of levels of this place that you have seen.
                   A       B       C       D       E      F
               +-------+-------+-------+-------+-------+----------------------
         Total | 100.0 | 100.0 |  -nan |  -nan | 100.0 |  90.8
       Dungeon | 100.0 | 100.0 |  -nan |  -nan | 100.0 |  90.8
               +-------+-------+-------+-------+-------+----------------------

Vault maps used:
D:1:      minmay_arrival_hallway, serial_forest, infiniplex_forest_straight_3,
          infiniplex_forest_lined_3_way, infiniplex_forest_clump_diagonal,
          infiniplex_forest_fountain, infiniplex_forest_clump_medium,
          infiniplex_forest_zigzag_1, infiniplex_forest_clump_curved,
          infiniplex_forest_end_double, infiniplex_forest_corner_1,
          infiniplex_forest_corner_1
D:2:      kennysheep_ying_yang, lemuel_blue_sif_altar, old_standard_altar,
          minmay_randomly_rotated_circles
D:3:      corner_web_ring
D:4:      old_standard_altar, serial_shops, shop, lemuel_statue_altar,
          uniq_grinder, uniq_blork_the_orc
